 Dungeon Crawl Stone Soup version 0.20.1-1-g8b1a95d66d (webtiles) character file.

5219 bob2 the Cleaver (level 10, -11/98 HPs)
             Began as a Troll Berserker on Dec 5, 2017.
             Was an Elder of Trog.
             Mangled by a komodo dragon (25 damage)
             ... on level 1 of the Lair of Beasts.
             The game lasted 01:23:59 (8381 turns).

bob2 the Cleaver (Troll Berserker)                  Turns: 8381, Time: 01:23:59

Health: -11/98     AC:  7    Str: 32    XL:     10   Next: 35%
Magic:  10/10      EV: 12    Int: 11    God:    Trog [****..]
Gold:   471        SH:  0    Dex:  9    Spells: 9/9 levels left

rFire    + + .     SeeInvis .   D - +10 war axe "Ywisileb" {freeze, Str+2 Int+6}
rCold    + . .     Gourm    +   (no shield)
rNeg     + . .     Faith    .   b - +2 animal skin
rPois    .         Spirit   .   (helmet restricted)
rElec    .         Reflect  .   E - scarf {rC+ rF+}
rCorr    .         Harm     .   (gloves unavailable)
MR       .....                  (boots unavailable)
Stlth    ++........             (no amulet)
Regen    1.1/turn               h - ring of positive energy
MPRegen  0.2/turn               (no ring)

@: berserk cooldown, slowed, very slow
A: unfitting armour, claws 3, blink, clever 1, fire resistance 1, fast
metabolism 3, gourmand, high mp 1, regeneration 2, shaggy fur 1, tough skin 2
a: Blink, Berserk, Trog's Hand, Brothers in Arms, Burn Spellbooks, Renounce
Religion


You were on level 1 of the Lair of Beasts.
You worshipped Trog.
Trog was greatly pleased with you.
You were full.

You visited 3 branches of the dungeon, and saw 10 of its levels.

You collected 471 gold pieces.

Inventory:

Hand Weapons
 D - the +10 war axe "Ywisileb" (weapon) {freeze, Str+2 Int+6}
   (You found it on level 8 of the Dungeon)

   It has been specially enchanted to freeze those struck by it, causing extra
   injury to most foes and up to half again as much damage against particularly
   susceptible opponents.
   It can also slow down cold-blooded creatures.
   It affects your strength (+2).
   It affects your intelligence (+6).
Armour
 b - a +2 animal skin (worn)
 E - a scarf of resistance (worn)
Jewellery
 h - a ring of positive energy (left claw)
Scrolls
 a - a scroll of amnesia {unknown}
 d - 6 scrolls of remove curse
 g - 4 scrolls of magic mapping
 j - 5 scrolls of teleportation
 m - 3 scrolls of recharging
 v - a scroll of identify
Potions
 e - 4 potions of heal wounds
 f - 4 potions of curing
 i - 2 potions of ambrosia
 k - a potion of cancellation {unknown}
 o - 2 potions of flight {unknown}
 q - a potion of brilliance {unknown}
 r - a potion of agility
 s - a potion of haste {unknown}
 u - a potion of berserk rage {unknown}
 z - 2 potions of lignification {unknown}
 A - 2 potions of resistance {unknown}
 B - 2 potions of mutation {unknown}
Comestibles
 c - a royal jelly
 w - a bread ration
 C - 3 meat rations


   Skills:
 + Level 6.0 Fighting
 + Level 8.2(9.1) Axes
   Level 6.5(8.8) Maces & Flails
 + Level 5.9 Dodging
 + Level 1.9 Stealth


You had 9 spell levels left.
You didn't know any spells.

Dungeon Overview and Level Annotations

Branches:
Dungeon (8/15)             Temple (1/1) D:4            Lair (1/6) D:8

Altars:
Ashenzari
Cheibriados
Dithmenos
Elyvilon
Fedhas
Gozag
Hepliaklqana
Kikubaaqudgha
Makhleb
Nemelex Xobeh
Okawaru
Ru
Sif Muna
Trog
Uskayaw
Vehumet
Xom
Zin
The Shining One

Shops:
D:8 [


Innate Abilities, Weirdness & Mutations

You are too large for most types of armour.
You have claws for hands.
Your metabolism is lightning-fast.
You like to eat raw meat.
You heal very quickly.
You are covered in fur. (AC +1)
You have very tough skin. (AC +2)
You can translocate small distances at will.
Your mind is acute. (Int +2)
Your flesh is heat resistant. (rF+)
You have an increased reservoir of magic. (+10% MP)


Message History

Trog grants you a gift!
Your Fighting skill increases to level 6!
You feel a strong urge to attack something.
You see here 4 poisoned javelins.
You feel your anger subside.
You are no longer berserk.
You are exhausted.
You feel yourself slow down.
A komodo dragon comes into view.
The komodo dragon hisses angrily.
You slash the komodo dragon! You freeze the komodo dragon.
The komodo dragon is moderately wounded.
The komodo dragon bites you. The komodo dragon misses you.
You hit the komodo dragon.
The komodo dragon seems to slow down.
You freeze the komodo dragon.
The komodo dragon is moderately wounded.
The komodo dragon bites you!!
* * * LOW HITPOINT WARNING * * *
The komodo dragon is no longer moving slowly.
The komodo dragon bites you!!
You die...

#..........##
#..........#
.##..........#
.............##
...........)..#
..............#
.............##
........(.....#
.......@.....##
.......l.....#
.............##
..............#
###..........##
#...........#
#..........##
#..........#
#..........#


You could see a komodo dragon.

Vanquished Creatures
  2 two-headed ogres
  Pikel (D:5)
  2 komodo dragons (Lair:1)
  Grinder (D:5)
  A hippogriff (D:8)
  Eustachio (D:6)
  The ghost of qepasa the Vexing, an amateur FoEn (D:4)
  A water moccasin (D:7)
  A porcupine (Lair:1)
  An orc warrior (D:6)
  A sky beast (D:7)
  A necrophage (D:7)
  3 slaves (D:5)
  A wolf (Lair:1)
  An ogre (D:7)
  4 centaurs
  2 bullfrogs
  2 scorpions
  8 wights
  2 crimson imps
  4 hounds
  2 orc priests
  3 bullfrog zombies
  A centaur skeleton (D:6)
  An iguana (D:8)
  2 orc wizards
  2 worker ants
  A hound skeleton (D:7)
  A howler monkey skeleton (D:7)
  Robin (D:4)
  A worker ant zombie (D:7)
  13 adders
  A shadow imp (D:7)
  2 oozes
  An adder skeleton (D:6)
  2 worms (D:3)
  3 dart slugs
  5 leopard geckos
  18 orcs
  6 bats
  7 giant cockroaches
  4 hobgoblins
  6 jackals
  5 kobolds
  2 quokkas (D:6)
  3 ball pythons
  7 frilled lizards
  17 goblins
  11 rats
  A fungus (Lair:1)
170 creatures vanquished.

Vanquished Creatures (others)
  A wyvern (D:8)
1 creature vanquished.

Grand Total: 171 creatures vanquished

Notes
Turn   | Place    | Note
-------+----------+-------------------------------------------
     0 | D:1      | bob2 the Troll Berserker began the quest for the Orb.
     0 | D:1      | Reached XP level 1. HP: 22/22 MP: 0/0
   701 | D:1      | Reached XP level 2. HP: 22/29 MP: 1/1
  1584 | D:2      | Reached XP level 3. HP: 36/36 MP: 2/2
  1849 | D:2      | Reached ** piety under Trog
  2786 | D:3      | Reached XP level 4. HP: 44/44 MP: 3/3
  2924 | D:3      | Found a deep blue altar of Sif Muna.
  3145 | D:3      | Found a shattered altar of Ashenzari.
  3549 | D:4      | Noticed Robin
  3558 | D:4      | Reached XP level 5. HP: 53/53 MP: 4/4
  3569 | D:4      | Killed Robin
  3651 | D:4      | Reached skill level 1 in Axes
  3651 | D:4      | Reached skill level 1 in Stealth
  3976 | D:4      | Noticed qepasa's ghost (amateur FoEn)
  3989 | D:4      | Killed qepasa's ghost
  3989 | D:4      | Reached skill level 2 in Axes
  3989 | D:4      | Reached XP level 6. HP: 61/61 MP: 5/5
  3992 | D:4      | Found a staircase to the Ecumenical Temple.
  4051 | D:4      | Found a snail-covered altar of Cheibriados.
  4110 | Temple   | Entered the Ecumenical Temple
  4435 | D:4      | Reached *** piety under Trog
  4451 | D:5      | Entered Level 5 of the Dungeon
  4522 | D:5      | Reached skill level 3 in Axes
  4594 | D:5      | Reached XP level 7. HP: 58/67 MP: 6/6
  4620 | D:5      | Noticed Pikel
  4636 | D:5      | Killed Pikel
  4636 | D:5      | Reached skill level 5 in Axes
  4636 | D:5      | Reached XP level 8. HP: 78/78 MP: 7/7
  4723 | D:5      | Found a shimmering altar of Xom.
  5024 | D:5      | Found a white marble altar of Elyvilon.
  5075 | D:5      | Noticed Grinder
  5079 | D:5      | Paralysed by Grinder for 3 turns
  5097 | D:5      | Killed Grinder
  5097 | D:5      | Reached skill level 6 in Axes
  5316 | D:6      | Noticed Eustachio
  5452 | D:6      | Killed Eustachio
  5503 | D:6      | Reached skill level 7 in Axes
  5903 | D:6      | Noticed a two-headed ogre
  5914 | D:6      | Killed a two-headed ogre
  5914 | D:6      | Reached skill level 5 in Dodging
  5914 | D:6      | Reached XP level 9. HP: 67/85 MP: 8/8
  5922 | D:6      | Reached skill level 8 in Axes
  6610 | D:7      | Found a burning altar of Makhleb.
  6770 | D:7      | Reached skill level 5 in Fighting
  7226 | D:7      | Reached skill level 5 in Maces & Flails
  7232 | D:7      | Gained mutation: Your mind is acute. (Int +2) [mutagenic meat]
  7266 | D:7      | Gained mutation: Your flesh is heat resistant. (rF+) [mutagenic meat]
  7267 | D:7      | Gained mutation: You heal very quickly. [mutagenic meat]
  7268 | D:7      | Gained mutation: You have an increased reservoir of magic. (+10% MP) [mutagenic meat]
  7269 | D:7      | Gained mutation: You can translocate small distances at will. [mutagenic meat]
  7709 | D:8      | Found a sparkling altar of Nemelex Xobeh.
  7775 | D:8      | Reached **** piety under Trog
  7875 | D:8      | Noticed a two-headed ogre
  7881 | D:8      | Reached XP level 10. HP: 90/96 MP: 10/10
  7886 | D:8      | Killed a two-headed ogre
  8022 | D:8      | Found a blossoming altar of Fedhas.
  8022 | D:8      | Found a sacrificial altar of Ru.
  8167 | D:8      | Found a glowing golden altar of the Shining One.
  8241 | D:8      | Found Ichesih's Antique Armour Boutique.
  8242 | D:8      | Got a bloodstained war axe
  8255 | D:8      | Identified the +10 war axe "Ywisileb" {freeze, Str+2 Int+6} (You found it on level 8 of the Dungeon)
  8292 | D:8      | Found a staircase to the Lair.
  8303 | Lair:1   | Entered Level 1 of the Lair of Beasts
  8369 | Lair:1   | Received a gift from Trog
  8381 | Lair:1   | Mangled by a komodo dragon

Skill      XL: |  1  2  3  4  5  6  7  8  9 10 |
---------------+-------------------------------+-----
Maces & Flails | 3 4 5 6 |  6.5
Dodging        | 3 5 |  5.9
Fighting       | 3 4 5 6 |  6.0
Axes           | 2 3 5 7 8 |  8.2
Stealth        | 1 |  1.9

Action                   |  1- 3 |  4- 6 |  7- 9 | 10-12 || total
-------------------------+-------+-------+-------+-------++-------
Melee: Mace              |   177 |    33 |       |       ||   210
       War axe           |       |    87 |   124 |    20 ||   231
       Giant spiked club |       |       |    86 |       ||    86
       Flail             |       |       |    45 |    16 ||    61
Invok: Berserk           |     2 |     3 |     8 |     1 ||    14
       Trog's Hand       |       |     1 |     6 |       ||     7
       Burn Spellbooks   |       |       |     1 |       ||     1
  Use: Scroll            |    14 |     3 |     3 |       ||    20
       Potion            |       |     2 |     2 |       ||     4
 Stab: Sleeping          |     1 |     1 |     2 |       ||     4
  Eat: Chunk             |    23 |    22 |    28 |     4 ||    77
       Bread ration      |     2 |       |     2 |       ||     4
       Fruit             |       |       |     2 |       ||     2
       Royal jelly       |       |       |     1 |       ||     1
       Meat ration       |       |       |     1 |       ||     1
Armor: Animal skin       |    74 |    56 |   103 |     3 ||   236
Dodge: Dodged            |   104 |    65 |   217 |    13 ||   399
